TOP OF THE 1ST |
New Jersey Devils batting - Pitching for Southern Maryland Blue Crabs : RHP Manny Saldana
|
Pitching: RHP Manny Saldana
|
|
Batting: LHB Matt Baker
|
0-0: Called Strike 0-1: Foul Ball, location: 2F 0-2: Foul Ball, location: 2F 0-2: Ball 1-2: Foul Ball, location: 2F 1-2: Ground out 3-1 (Groundball, 34S, EV 86.2 MPH)
|
Batting: LHB Bayesa Mundhir
|
0-0: Ball 1-0: Ball 2-0: Called Strike 2-1: SINGLE (Groundball, 4MD, EV 109.4 MPH)
|
Batting: LHB Dan Bremseth
|
0-0: Ball 1-0: Called Strike 1-1: Ball 2-1: 2-RUN HOME RUN (Line Drive, 89XD, EV 110.6 MPH), Distance : 429 ft
|
Batting: RHB Gang-sheng Chew
|
0-0: Ball 1-0: Ground out 2-3 (Groundball, 13S, EV 64.4 MPH)
|
Batting: SHB Alex Cavazos
|
0-0: Called Strike 0-1: Ball 1-1: Ground out U3 (Groundball, 3, EV 86.9 MPH)
|
Top of the 1st over - 2 runs, 2 hits, 0 errors, 0 left on base; New Jersey 2 - Southern Maryland 0 |
BOTTOM OF THE 1ST |
Southern Maryland Blue Crabs batting - Pitching for New Jersey Devils : RHP Adrian Colorado
|
Pitching: RHP Adrian Colorado
|
|
Batting: RHB Danny Baeza
|
0-0: Foul Ball, location: 2F 0-1: Ball 1-1: Ball 2-1: Foul Ball, location: 2F 2-2: Foul Ball, location: 2F 2-2: SINGLE (Groundball, 6D, EV 102.5 MPH)
|
Batting: RHB Daniel Jackson
|
0-0: Ball 1-0: Called Strike 1-1: Called Strike 1-2: Fly out, F7 (Line Drive, 7, EV 87.5 MPH)
|
Batting: RHB J.J. Basil
|
0-0: Ball 1-0: Fly out, F9 (Flyball, 9, EV 88.8 MPH)
|
Batting: LHB Justin Moore
|
0-0: Ball 1-0: Foul Ball, location: 2F 1-1: Called Strike 1-2: Ball 2-2: Foul Ball, location: 2F 2-2: Ground out 4-3 (Groundball, 4S, EV 62.5 MPH)
|
Bottom of the 1st over - 0 runs, 1 hit, 0 errors, 1 left on base; New Jersey 2 - Southern Maryland 0 |
TOP OF THE 2ND |
New Jersey Devils batting - Pitching for Southern Maryland Blue Crabs : RHP Manny Saldana
|
Batting: RHB Brian Bonin
|
0-0: Called Strike 0-1: Called Strike 0-2: Ball 1-2: Foul Ball, location: 2F 1-2: Foul Ball, location: 2F 1-2: SINGLE (Line Drive, 6M, EV 95.0 MPH)
|
Batting: RHB Chris Graham
|
0-0: Called Strike 0-1: Swinging Strike 0-2: Foul Ball, location: 2F 0-2: Ball 1-2: Foul Ball, location: 2F 1-2: Fielders Choice at 2nd, 6-4 (Groundball, 56D, EV 77.5 MPH)
|
Batting: SHB Jerry Burrows
|
0-0: Ball 1-0: Fly out, F8 (Flyball, 8RD, EV 95.0 MPH)
|
Batting: RHB Mike Hanks
|
0-0: Ball 1-0: Called Strike 1-1: Ball 2-1: Called Strike Chris Graham steals 2nd base 2-2: Strikes out swinging
|
Top of the 2nd over - 0 runs, 1 hit, 0 errors, 1 left on base; New Jersey 2 - Southern Maryland 0 |
BOTTOM OF THE 2ND |
Southern Maryland Blue Crabs batting - Pitching for New Jersey Devils : RHP Adrian Colorado
|
Batting: RHB Steve Jones
|
0-0: SINGLE (Line Drive, 7S, EV 107.5 MPH)
|
Batting: LHB Ralph Braine
|
0-0: Called Strike Steve Jones steals 2nd base 0-1: Ball 1-1: Ball Wild Pitch! Steve Jones to third 2-1: Foul Ball, location: 2F 2-2: Ball 3-2: Fly out, F8 (Flyball, 89D, EV 105.0 MPH) Runner from 3rd tags up, SCORES, throw by CF
|
Batting: RHB Honório Szenes
|
0-0: Ball 1-0: Ball 2-0: Ball 3-0: Called Strike 3-1: Foul Ball, location: 2F 3-2: Ground out 5-3 (Groundball, 56S, EV 76.9 MPH)
|
Batting: RHB Mike Pitts
|
0-0: Called Strike 0-1: Foul Ball, location: 2F 0-2: Strikes out swinging
|
Bottom of the 2nd over - 1 run, 1 hit, 0 errors, 0 left on base; New Jersey 2 - Southern Maryland 1 |
TOP OF THE 3RD |
New Jersey Devils batting - Pitching for Southern Maryland Blue Crabs : RHP Manny Saldana
|
Batting: LHB Matt Baker
|
0-0: Ball 1-0: Foul Ball, location: 2F 1-1: Swinging Strike 1-2: Foul Ball, location: 2F 1-2: SINGLE (Line Drive, 34D, EV 101.2 MPH)
|
Batting: LHB Bayesa Mundhir
|
0-0: Ball Matt Baker is caught stealing 2nd base 2-6 1-0: Foul Ball, location: 2F 1-1: Ball 2-1: SINGLE (Groundball, 6MD, EV 105.0 MPH)
|
Batting: LHB Dan Bremseth
|
0-0: Reached on error, E4 (Groundball, 4S, EV 81.2 MPH) Bayesa Mundhir to second
|
Batting: RHB Gang-sheng Chew
|
0-0: Ball 1-0: Ball 2-0: Called Strike 2-1: Ball 3-1: Foul Ball, location: 2F 3-2: Foul Ball, location: 2F 3-2: Foul Ball, location: 2F 3-2: Foul Ball, location: 2F 3-2: Foul Ball, location: 2F 3-2: Base on Balls Bayesa Mundhir to third Dan Bremseth to second
|
Batting: SHB Alex Cavazos
|
0-0: Ball 1-0: Called Strike 1-1: Foul Ball, location: 2F 1-2: SINGLE (Groundball, 34D, EV 101.9 MPH) Bayesa Mundhir scores Dan Bremseth to third Gang-sheng Chew to second
|
Batting: RHB Brian Bonin
|
0-0: Called Strike 0-1: Ball 1-1: Foul Ball, location: 2F 1-2: Grounds into double play, 3-6-1 (Groundball, 13, EV 79.4 MPH)
|
Top of the 3rd over - 1 run, 3 hits, 1 error, 2 left on base; New Jersey 3 - Southern Maryland 1 |
BOTTOM OF THE 3RD |
Southern Maryland Blue Crabs batting - Pitching for New Jersey Devils : RHP Adrian Colorado
|
Batting: RHB Tony Godley
|
0-0: Called Strike 0-1: Ball 1-1: Ball 2-1: SINGLE (Line Drive, 8LS, EV 106.2 MPH)
|
Batting: RHB Danny Baeza
|
0-0: Ball 1-0: Ball 2-0: Ball Tony Godley steals 2nd, throwing error, E2 Tony Godley to third 3-0: Called Strike 3-1: SINGLE (Groundball, 4MS, EV 63.8 MPH) (infield hit) Tony Godley scores
|
Batting: RHB Daniel Jackson
|
0-0: Ground out U3 (Groundball, 3L, EV 105.0 MPH) Danny Baeza to second
|
Batting: RHB J.J. Basil
|
0-0: Swinging Strike 0-1: Ball 1-1: Ball 2-1: Foul Ball, location: 2F 2-2: Foul Ball, location: 2F 2-2: Foul Ball, location: 2F 2-2: Foul Ball, location: 2F 2-2: Fly out, F7 (Flyball, 78D, EV 108.1 MPH)
|
Batting: LHB Justin Moore
|
0-0: Swinging Strike 0-1: Ball 1-1: Ball 2-1: Foul Ball, location: 2F 2-2: Strikes out swinging
|
Bottom of the 3rd over - 1 run, 2 hits, 1 error, 1 left on base; New Jersey 3 - Southern Maryland 2 |
TOP OF THE 4TH |
New Jersey Devils batting - Pitching for Southern Maryland Blue Crabs : RHP Manny Saldana
|
Batting: RHB Chris Graham
|
0-0: Ball 1-0: Called Strike 1-1: Foul Ball, location: 2F 1-2: Ball 2-2: Ground out 6-3 (Groundball, 6, EV 90.0 MPH)
|
Batting: SHB Jerry Burrows
|
0-0: Ball 1-0: Fly out, F9 (Flyball, 9, EV 83.1 MPH)
|
Batting: RHB Mike Hanks
|
0-0: Ball 1-0: Called Strike 1-1: Called Strike 1-2: Strikes out swinging
|
Top of the 4th over - 0 runs, 0 hits, 0 errors, 0 left on base; New Jersey 3 - Southern Maryland 2 |
BOTTOM OF THE 4TH |
Southern Maryland Blue Crabs batting - Pitching for New Jersey Devils : RHP Adrian Colorado
|
Batting: RHB Steve Jones
|
0-0: Called Strike 0-1: Swinging Strike 0-2: Foul Ball, location: 2F 0-2: Strikes out swinging
|
Batting: LHB Ralph Braine
|
0-0: Ball 1-0: Ball 2-0: Called Strike 2-1: Foul Ball, location: 2F 2-2: Ball 3-2: Foul Ball, location: 2F 3-2: Base on Balls
|
Batting: RHB Honório Szenes
|
0-0: Foul Ball, location: 2F 0-1: Called Strike Ralph Braine steals 2nd base 0-2: DOUBLE (Line Drive, 8RD, EV 93.1 MPH) Ralph Braine scores
|
Batting: RHB Mike Pitts
|
0-0: Swinging Strike 0-1: Ball 1-1: Called Strike 1-2: Ball 2-2: Foul Ball, location: 2F 2-2: Ball 3-2: Ground out 5-3 (Groundball, 56S, EV 93.1 MPH)
|
Batting: RHB Tony Godley
|
0-0: Ball 1-0: Ball 2-0: Ground out 6-3 (Groundball, 56, EV 81.2 MPH)
|
Bottom of the 4th over - 1 run, 1 hit, 0 errors, 1 left on base; New Jersey 3 - Southern Maryland 3 |
TOP OF THE 5TH |
New Jersey Devils batting - Pitching for Southern Maryland Blue Crabs : RHP Manny Saldana
|
Batting: LHB Matt Baker
|
0-0: Swinging Strike 0-1: Ball 1-1: Fly out, F8 (Flyball, 8RM, EV 95.0 MPH)
|
Batting: LHB Bayesa Mundhir
|
0-0: Ball 1-0: Called Strike 1-1: Ball 2-1: Fly out, F7 (Line Drive, 7, EV 89.4 MPH)
|
Batting: LHB Dan Bremseth
|
0-0: Foul Ball, location: 2F 0-1: Ball 1-1: Ball 2-1: Called Strike 2-2: Foul Ball, location: 2F 2-2: Ball 3-2: Foul Ball, location: 2F 3-2: SINGLE (Groundball, 4MD, EV 105.6 MPH)
|
Batting: RHB Gang-sheng Chew
|
0-0: Called Strike 0-1: Called Strike Dan Bremseth is caught stealing 2nd base 2-4
|
Top of the 5th over - 0 runs, 1 hit, 0 errors, 0 left on base; New Jersey 3 - Southern Maryland 3 |
BOTTOM OF THE 5TH |
Southern Maryland Blue Crabs batting - Pitching for New Jersey Devils : RHP Adrian Colorado
|
Batting: RHB Danny Baeza
|
0-0: Ball 1-0: Ball 2-0: Ball 3-0: Called Strike 3-1: Ground out 4-3 (Groundball, 4, EV 83.1 MPH)
|
Batting: RHB Daniel Jackson
|
0-0: Ball 1-0: Ball 2-0: SINGLE (Groundball, 6MD, EV 104.4 MPH)
|
Batting: RHB J.J. Basil
|
0-0: Ball 1-0: Ball 2-0: Called Strike 2-1: Called Strike 2-2: Foul Ball, location: 2F 2-2: Foul Ball, location: 2F 2-2: Ball 3-2: Strikes out swinging
|
Batting: LHB Justin Moore
|
0-0: Called Strike Daniel Jackson steals 2nd base 0-1: Ball 1-1: Ball 2-1: 2-RUN HOME RUN (Flyball, 89XD, EV 116.2 MPH), Distance : 464 ft
|
Pitching: LHP Larry Shoop
|
|
Batting: RHB Steve Jones
|
0-0: Ball 1-0: Fly out, F7 (Flyball, 78S, EV 82.5 MPH)
|
Bottom of the 5th over - 2 runs, 2 hits, 0 errors, 0 left on base; New Jersey 3 - Southern Maryland 5 |
TOP OF THE 6TH |
New Jersey Devils batting - Pitching for Southern Maryland Blue Crabs : RHP Manny Saldana
|
Pitching: RHP Marco Benavente
|
|
Batting: RHB Gang-sheng Chew
|
0-0: Called Strike 0-1: Ball 1-1: SOLO HOME RUN (Flyball, 7LD, EV 90.6 MPH), Distance : 338 ft
|
Batting: SHB Alex Cavazos
|
0-0: Ball 1-0: Ball 2-0: Called Strike 2-1: Foul Ball, location: 2F 2-2: Strikes out swinging
|
Batting: RHB Brian Bonin
|
0-0: Ball 1-0: Swinging Strike 1-1: Ball 2-1: Swinging Strike 2-2: Foul Ball, location: 2F 2-2: Strikes out looking
|
Batting: RHB Chris Graham
|
0-0: Foul Ball, location: 2F 0-1: Ball 1-1: Ball 2-1: Called Strike 2-2: Strikes out swinging
|
Top of the 6th over - 1 run, 1 hit, 0 errors, 0 left on base; New Jersey 4 - Southern Maryland 5 |
BOTTOM OF THE 6TH |
Southern Maryland Blue Crabs batting - Pitching for New Jersey Devils : LHP Larry Shoop
|
Batting: LHB Ralph Braine
|
0-0: Foul Ball, location: 2F 0-1: Ball 1-1: Foul Ball, location: 2F 1-2: Strikes out looking
|
Batting: RHB Honório Szenes
|
0-0: Called Strike 0-1: Ball 1-1: Ball 2-1: Fly out, F8 (Flyball, 8LXD, EV 104.4 MPH)
|
Batting: RHB Mike Pitts
|
0-0: Ball 1-0: Ground out U3 (Groundball, 34, EV 85.0 MPH)
|
Bottom of the 6th over - 0 runs, 0 hits, 0 errors, 0 left on base; New Jersey 4 - Southern Maryland 5 |
TOP OF THE 7TH |
New Jersey Devils batting - Pitching for Southern Maryland Blue Crabs : RHP Marco Benavente
|
Pitching: RHP Jon Bell
|
|
Batting: SHB Jerry Burrows
|
0-0: Foul Ball, location: 2F 0-1: Foul Ball, location: 2F 0-2: Strikes out swinging
|
Pinch Hitting: SHB Justin Wallace
|
0-0: Ball 1-0: Called Strike 1-1: Foul Ball, location: 2F 1-2: Ball 2-2: Strikes out swinging passed ball, reaches first!
|
Batting: LHB Matt Baker
|
0-0: Ball 1-0: Called Strike 1-1: Foul Ball, location: 2F 1-2: Ball 2-2: Strikes out swinging
|
Batting: LHB Bayesa Mundhir
|
0-0: Ball 1-0: Called Strike 1-1: Ball 2-1: Foul Ball, location: 2F 2-2: Strikes out swinging
|
Top of the 7th over - 0 runs, 0 hits, 0 errors, 1 left on base; New Jersey 4 - Southern Maryland 5 |
BOTTOM OF THE 7TH |
Southern Maryland Blue Crabs batting - Pitching for New Jersey Devils : LHP Larry Shoop
|
Now at 1B: Justin Wallace
|
|
Batting: RHB Tony Godley
|
0-0: Called Strike 0-1: Ball 1-1: Ground out 5-3 (Groundball, 56S, EV 82.5 MPH)
|
Batting: RHB Danny Baeza
|
0-0: SINGLE (Groundball, 6MD, EV 96.2 MPH)
|
Batting: RHB Daniel Jackson
|
0-0: Foul Ball, location: 2F 0-1: Ball 1-1: Fly out, F4 (Line Drive, 4, EV 65.6 MPH)
|
Batting: RHB J.J. Basil
|
0-0: Ball 1-0: Fly out, F9 (Flyball, 9, EV 90.0 MPH)
|
Bottom of the 7th over - 0 runs, 1 hit, 0 errors, 1 left on base; New Jersey 4 - Southern Maryland 5 |
TOP OF THE 8TH |
New Jersey Devils batting - Pitching for Southern Maryland Blue Crabs : RHP Jon Bell
|
Pitching: RHP Casey Tietjen
|
|
Batting: LHB Dan Bremseth
|
0-0: Ball 1-0: Ball 2-0: Ball 3-0: Base on Balls
|
Batting: RHB Gang-sheng Chew
|
0-0: Called Strike 0-1: Ball 1-1: Swinging Strike 1-2: Strikes out swinging
|
Batting: SHB Alex Cavazos
|
0-0: Called Strike 0-1: Foul Ball, location: 2F 0-2: Foul Ball, location: 2F 0-2: Foul Ball, location: 2F 0-2: Foul Ball, location: 2F 0-2: Fly out, F8 (Flyball, 8LD, EV 86.9 MPH)
|
Batting: RHB Brian Bonin
|
0-0: SINGLE (Groundball, 3D, EV 100.0 MPH) Dan Bremseth to second Runner from 2nd tries for 3rd, OUT! 9-5
|
Top of the 8th over - 0 runs, 1 hit, 0 errors, 1 left on base; New Jersey 4 - Southern Maryland 5 |
BOTTOM OF THE 8TH |
Southern Maryland Blue Crabs batting - Pitching for New Jersey Devils : LHP Larry Shoop
|
Batting: LHB Justin Moore
|
0-0: Ball 1-0: Swinging Strike 1-1: Foul Ball, location: 2F 1-2: Fly out, F8 (Flyball, 78S, EV 89.4 MPH)
|
Batting: RHB Steve Jones
|
0-0: Called Strike 0-1: Ball 1-1: Ball 2-1: Ground out 6-3 (Groundball, 6, EV 87.5 MPH)
|
Batting: LHB Ralph Braine
|
0-0: Ball 1-0: Ball 2-0: Ball 3-0: Called Strike 3-1: Called Strike 3-2: Fly out, F6 (Flyball, 6D, EV 89.4 MPH)
|
Bottom of the 8th over - 0 runs, 0 hits, 0 errors, 0 left on base; New Jersey 4 - Southern Maryland 5 |
TOP OF THE 9TH |
New Jersey Devils batting - Pitching for Southern Maryland Blue Crabs : RHP Casey Tietjen
|
Pitching: RHP Harley Hyde
|
|
Now at SS: Matt Berrier
|
|
Now in LF: Antonio Gutierrez
|
|
Batting: RHB Chris Graham
|
0-0: Called Strike 0-1: Ball 1-1: Foul Ball, location: 2F 1-2: Ball 2-2: Fly out, F7 (Flyball, 7D, EV 100.0 MPH)
|
Pinch Hitting: LHB Jeremy Moorehead
|
0-0: Ball 1-0: Ball 2-0: Foul Ball, location: 2F 2-1: Ball 3-1: Base on Balls
|
Batting: SHB Justin Wallace
|
0-0: Ball 1-0: Fly out, F8 (Flyball, 89D, EV 88.1 MPH) Runner from 1st tags up, SAFE at 2nd
|
Batting: LHB Matt Baker
|
0-0: Ball 1-0: Ball 2-0: Fly out, F8 (Flyball, 8LD, EV 103.1 MPH)
|
Top of the 9th over - 0 runs, 0 hits, 0 errors, 1 left on base; New Jersey 4 - Southern Maryland 5 |
|